 Dungeon Crawl Stone Soup version 0.21-a0 (webtiles) character file.

7565 Kriby the Destroyer (level 11, -6/78 HPs)
             Began as an Octopode Wizard on May 20, 2017.
             Was an Elder of Vehumet.
             Mangled by a harpy (11 damage)
             ... on level 9 of the Dungeon.
             The game lasted 00:30:11 (14779 turns).

Kriby the Destroyer (Octopode Wizard)              Turns: 14779, Time: 00:30:12

Health: -6/78      AC:  2    Str:  6    XL:     11   Next: 17%
Magic:  1/23       EV: 14    Int: 24    God:    Vehumet [****..]
Gold:   245        SH:  0    Dex: 16    Spells: 11/27 levels left

rFire    . . .     SeeInvis .   w - +1 short sword (venom)
rCold    . . .     Gourm    .   (no shield)
rNeg     . . .     Faith    .   a - +1 hat
rPois    .         Spirit   .   (no amulet)
rElec    .         Reflect  .   n - ring of protection from magic
rCorr    .         Harm     .   v - +5 ring of dexterity
MR       +....                  (no ring)
Stlth    +++.......             (no ring)
Regen    0.3/turn               (no ring)
MPRegen  0.2/turn               (no ring)
                                (no ring)
                                (no ring)

@: no status effects
A: almost no armour, stealthy swim, amphibious, 8 rings, constrict 8, camouflage
1, gelatinous body 1
a: Renounce Religion


You were on level 9 of the Dungeon.
You worshipped Vehumet.
Vehumet was greatly pleased with you.
You were not hungry.

You visited 2 branches of the dungeon, and saw 10 of its levels.

You collected 245 gold pieces.

Inventory:

Hand Weapons
 s - a +1 falchion of slicing
 w - a +1 short sword of venom (weapon)
 D - a +0 blowgun
Missiles
 E - 26 poisoned needles
Armour
 a - a +1 hat (worn)
 L - a +0 buckler
Jewellery
 n - a ring of protection from magic (left tentacle)
 v - a +5 ring of dexterity (right tentacle)
Wands
 u - a wand of acid (3/15)
 y - a wand of flame (24/48)
 C - a wand of polymorph (6/24)
 J - a wand of acid (5/15)
 M - a wand of paralysis (14/24)
Scrolls
 h - 5 scrolls of enchant armour
 i - 2 scrolls of teleportation
 j - a scroll of amnesia {unknown}
 k - 2 scrolls of enchant weapon {unknown}
 o - 5 scrolls of identify
 p - a scroll of immolation {unknown}
 q - 2 scrolls of fear {unknown}
 t - a scroll of recharging {unknown}
 x - a scroll of silence {unknown}
 B - a scroll of magic mapping {unknown}
 F - a scroll of blinking {unknown}
 G - a scroll of remove curse {unknown}
 I - a scroll of fog {unknown}
Potions
 d - a potion of brilliance {unknown}
 e - a potion of haste
 l - a potion of flight {unknown}
 m - 2 potions of curing {unknown}
 r - 2 potions of might {unknown}
 A - a potion of degeneration {unknown}
 H - a potion of mutation {unknown}
Books
 b - a book of Minor Magic

   Spells                             Type                      Level
   a - Magic Dart                     Conjuration                  1
   b - Blink                          Translocation                2
   c - Call Imp                       Summoning                    2
   d - Slow                           Hexes                        2
   e - Conjure Flame                  Conjuration/Fire             3
   f - Mephitic Cloud                 Conjuration/Poison/Air       3
Comestibles
 c - 7 bread rations
 f - 6 meat rations
 g - 8 royal jellies


   Skills:
 + Level 8.4 Fighting
 - Level 2.0 Dodging
 - Level 2.6 Stealth
 * Level 1.5 Shields
 + Level 8.6 Spellcasting
 * Level 11.6 Conjurations
 - Level 1.0 Summonings
 - Level 1.0 Translocations


You had 11 spell levels left.
You knew the following spells:

 Your Spells              Type           Power        Failure   Level  Hunger
a - Sting                 Conj/Pois      ####         1%          1    None
b - Conjure Flame         Conj/Fire      #####...     1%          3    None
c - Call Imp              Summ           ###.....     6%          2    None
d - Magic Dart            Conj           ####         1%          1    None
e - Force Lance           Conj/Tloc      #####...     1%          4    ##.....
g - Mephitic Cloud        Conj/Pois/Air  ####....     1%          3    None
T - Blink                 Tloc           N/A          6%          2    None


Dungeon Overview and Level Annotations

Branches:
Dungeon (9/15)             Temple (1/1) D:5            Lair (0/6) D:8
    Orc: D:9-12

Altars:
Ashenzari
Cheibriados
Elyvilon
Fedhas
Kikubaaqudgha
Makhleb
Okawaru
Qazlal
Ru
Vehumet
Wu Jian
Xom
Yredelemnul
The Shining One


Innate Abilities, Weirdness & Mutations

You cannot wear most types of armour.
You are very stealthy in the water. (Stealth+)
You are amphibious.
You can wear up to eight rings at the same time.
You can use your tentacles to constrict eight enemies at once.
Your skin changes colour to match your surroundings (Stealth+).
Your rubbery body absorbs attacks. (AC +1, EV +1)


Message History

* * * LOW HITPOINT WARNING * * *
The vampire mosquito draws strength from your injuries!
As you read the scroll of teleportation, it crumbles to dust.
You feel strangely unstable. The vampire mosquito bites you.
* * * LOW HITPOINT WARNING * * *
The vampire mosquito draws strength from your injuries!
The vampire mosquito barely misses you. The vampire mosquito bites you.
* * * LOW HITPOINT WARNING * * *
The vampire mosquito draws strength from your injuries!
The vampire mosquito closely misses you.
Your surroundings suddenly seem different.
A gnoll comes into view. It is wielding a halberd.
The gnoll shouts!
An orc wizard comes into view. It is wielding a dagger.
The orc wizard shouts!
An orc comes into view. It is wielding a club.
The orc shouts!
The gnoll throws a stone.
The stone misses you. The harpy claws you!
You die...

......# #####.# #....
...##.# ## #.....
...##y########o #......
............##o# ....#.#
..........#.#...#.......
..........#.#......o....
..........#.#...........
.......#######..@.......
.......# #..H.......
.##.#.## #.........g
.##.#.##


h'.......... .#.....# #≈#.......g.O .#..#..# ≈≈≈≈#.......... .#..#.######
#.......... .#....# #.# .........g. .##.#.###(###...... You could see a
two-headed ogre (wandering), a harpy, a hound, 2 orc wizards, 3 gnolls and an
orc.

Vanquished Creatures
  A two-headed ogre (D:8)
  A centaur warrior (D:9)
  Erica (D:8)
  Pikel (D:8)
  The ghost of cirnu the Vandal, a novice FoHu (D:5)
  A komodo dragon (D:8)
  Prince Ribbit (D:8)
  2 hornets
  A wyvern (D:8)
  A yak (D:7)
  3 hogs (D:7)
  A human (D:7)
  Grum (D:8)
  A vampire mosquito (D:9)
  2 ice beasts
  3 orc warriors
  2 sky beasts
  A black bear (D:6)
  3 slaves
  An ogre (D:7)
  2 wolves (D:8)
  2 centaurs
  2 bullfrogs
  A scorpion (D:7)
  3 killer bees (D:8)
  3 howler monkeys
  2 crimson imps
  3 bullfrog zombies
  3 hounds
  10 orc wizards
  3 orc priests
  A centaur skeleton (D:8)
  5 iguanas
  5 worker ants
  A hound zombie (D:5)
  A hound skeleton (D:6)
  A gnoll (D:7)
  12 adders
  2 shadow imps
  2 oozes
  2 adder zombies
  2 adder skeletons
  A worm (D:6)
  4 dart slugs
  7 leopard geckos
  25 orcs
  6 bats
  6 giant cockroaches
  9 hobgoblins
  19 jackals
  3 quokkas
  5 frilled lizards
  9 goblins
  3 goblin skeletons (D:4)
  2 goblin zombies (D:4)
  6 hobgoblin zombies (D:4)
  8 kobolds
  3 orc skeletons (D:4)
  An orc zombie (D:4)
  A quokka skeleton (D:4)
  12 rats
  A rat zombie (D:2)
  A plant (D:8)
229 creatures vanquished.

Vanquished Creatures (collateral kills)
  A sky beast (D:7)
  Purgy (D:3)
  4 ogres
  A centaur (D:8)
  A big kobold (D:4)
  A howler monkey (D:4)
  A bullfrog skeleton (D:4)
  2 hounds
  A jelly (D:7)
  2 orc wizards (D:4)
  An orc priest (D:4)
  An iguana (D:4)
  A worker ant (D:4)
  An adder (D:4)
  A worm (D:4)
  A dart slug (D:1)
  6 orcs
  A giant cockroach (D:1)
  2 goblins (D:1)
  2 jackals (D:6)
  A kobold (D:1)
  A plant (D:8)
34 creatures vanquished.

Vanquished Creatures (others)
  A slave (D:8)
  A crimson imp (D:6)
  A jelly (D:8)
  An adder (D:8)
  11 plants
15 creatures vanquished.

Grand Total: 278 creatures vanquished

Notes
Turn   | Place    | Note
-------+----------+-------------------------------------------
     0 | D:1      | Kriby the Octopode Wizard began the quest for the Orb.
     0 | D:1      | Reached XP level 1. HP: 11/11 MP: 4/4
   386 | D:1      | Reached XP level 2. HP: 17/17 MP: 0/6
   390 | D:1      | Learned a level 2 spell: Blink
   393 | D:1      | Learned a level 2 spell: Call Imp
  1229 | D:1      | Reached XP level 3. HP: 7/22 MP: 1/8
  1929 | D:2      | Found an ornate altar of the Wu Jian Council.
  1976 | D:2      | Reached skill level 2 in Conjurations
  2011 | D:2      | Reached skill level 1 in Fighting
  2185 | D:2      | Reached XP level 4. HP: 28/28 MP: 5/9
  2515 | D:2      | Found an ancient bone altar of Kikubaaqudgha.
  2673 | D:2      | Learned a level 3 spell: Mephitic Cloud
  2677 | D:2      | Learned a level 3 spell: Conjure Flame
  2980 | D:3      | Noticed Purgy
  3350 | D:3      | Found a radiant altar of Vehumet.
  3385 | D:3      | Became a worshipper of Vehumet
  3541 | D:3      | Found an iron altar of Okawaru.
  3569 | D:3      | Killed Purgy
  3569 | D:3      | Reached skill level 3 in Conjurations
  3569 | D:3      | Reached XP level 5. HP: 34/34 MP: 0/11
  4204 | D:4      | Noticed an ogre
  4204 | D:4      | Noticed an ogre
  4337 | D:4      | Reached XP level 6. HP: 39/39 MP: 6/12
  4610 | D:4      | Reached skill level 4 in Conjurations
  5111 | D:4      | Reached XP level 7. HP: 8/46 MP: 1/14
  5286 | D:4      | Reached * piety under Vehumet
  5286 | D:4      | Offered knowledge of Flame Tongue by Vehumet.
  5579 | D:4      | Reached skill level 5 in Spellcasting
  5579 | D:4      | Reached skill level 5 in Conjurations
  5840 | D:4      | Found a glowing golden altar of the Shining One.
  6422 | D:5      | Entered Level 5 of the Dungeon
  6450 | D:5      | Offered knowledge of Sting by Vehumet.
  6646 | D:5      | Noticed cirnu's ghost (novice FoHu)
  6892 | D:5      | Found a staircase to the Ecumenical Temple.
  6898 | Temple   | Entered the Ecumenical Temple
  7118 | D:5      | Reached skill level 6 in Conjurations
  7118 | D:5      | Reached XP level 8. HP: 54/54 MP: 5/16
  7371 | D:5      | Reached ** piety under Vehumet
  7753 | D:5      | Found an ornate altar of the Wu Jian Council.
  7782 | D:5      | Killed cirnu's ghost
  7782 | D:5      | Reached skill level 7 in Conjurations
  7865 | D:5      | Reached skill level 5 in Fighting
  8620 | D:6      | Reached XP level 9. HP: 41/61 MP: 7/18
  8623 | D:6      | Learned a level 1 spell: Sting
  8928 | D:6      | Reached skill level 8 in Conjurations
  8930 | D:6      | Offered knowledge of Ignite Poison by Vehumet.
 10488 | D:7      | Reached *** piety under Vehumet
 10493 | D:7      | Reached skill level 9 in Conjurations
 10790 | D:7      | Found a shimmering altar of Xom.
 10792 | D:7      | Found a shimmering altar of Xom.
 10793 | D:7      | Found a shimmering altar of Xom.
 10793 | D:7      | Found a shimmering altar of Xom.
 10794 | D:7      | Found a shimmering altar of Xom.
 11104 | D:7      | Found a sacrificial altar of Ru.
 11518 | D:8      | Noticed Grum
 11523 | D:8      | Noticed a hornet
 11550 | D:8      | Noticed Pikel
 11702 | D:8      | Killed Grum
 11702 | D:8      | Reached XP level 10. HP: 59/69 MP: 9/21
 11935 | D:8      | Killed Pikel
 11935 | D:8      | Reached skill level 10 in Conjurations
 11962 | D:8      | Offered knowledge of Force Lance by Vehumet.
 11970 | D:8      | Learned a level 4 spell: Force Lance
 12203 | D:8      | Noticed Erica
 12212 | D:8      | Killed Erica
 12327 | D:8      | Noticed Prince Ribbit
 12338 | D:8      | Killed Prince Ribbit
 12663 | D:8      | Noticed a two-headed ogre
 12700 | D:8      | Killed a two-headed ogre
 12700 | D:8      | Reached skill level 11 in Conjurations
 12909 | D:8      | Found a staircase to the Lair.
 13359 | D:8      | Found a shattered altar of Ashenzari.
 13510 | D:9      | Found a stormy altar of Qazlal.
 13648 | D:9      | Reached XP level 11. HP: 77/77 MP: 5/23
 14301 | D:9      | Reached **** piety under Vehumet
 14361 | D:9      | Noticed a centaur warrior
 14377 | D:9      | Killed a centaur warrior
 14377 | D:9      | Reached skill level 1 in Shields
 14486 | D:9      | Noticed a harpy
 14770 | D:9      | HP: 2/78 [vampire mosquito (11)]
 14779 | D:9      | Mangled by a harpy

Vault maps used:
D:1:      dpeg_arrival_central
D:2:      lemuel_zombie_altar_kikubaaqudgha, overflow_temple_1_default
D:3:      vehumet_crystals, nicolae_overflow_hidden_temple, uniq_purgy
D:4:      serial_bayou, serial_bayou_crossing, serial_bayou_pond_e,
          serial_bayou_pond_b, serial_bayou_lagoon_a,
          nicolae_tso_besieged_by_evil
D:5:      temple_statues, first_bread, minmay_misc_feat_tower, lemuel_tele_altar
D:7:      xom_redecorated, nicolae_ru_great_annihilating_truth, grunt_livestock,
          kennysheep_another_room
D:8:      kennysheep_mini_moat, david_lair_shrubbed, uniq_grum, uniq_erica,
          uniq_pikel, uniq_prince_ribbit1
D:9:      minmay_sliced_demisemicircle, kennysheep_mini, kennysheep_little_box,
          nrook_mini_backslash
Temple:   oiseaux_autumnal_temple

Skill      XL: |  1  2  3  4  5  6  7  8  9 10 11 |
---------------+----------------------------------+-----
Conjurations   | 2 3 4 6 7 9 11 | 11.6
Fighting       | 1 2 3 4 5 6 8 |  8.4
Spellcasting   | 4 5 6 7 8 |  8.6
Shields        | 1 |  1.5
Dodging        | |  2.0
Stealth        | |  2.6
Summonings     | |  1.0
Translocations | |  1.0

Action                   |  1- 3 |  4- 6 |  7- 9 | 10-12 || total
-------------------------+-------+-------+-------+-------++-------
Melee: Dagger            |    19 |       |       |       ||    19
       Unarmed           |     8 |       |       |       ||     8
       Constrict         |     7 |     3 |    20 |    15 ||    45
       Tentacles         |     3 |     2 |    10 |    13 ||    28
       Falchion          |       |    13 |    24 |       ||    37
       Short sword       |       |       |    49 |    69 ||   118
 Cast: Magic Dart        |    81 |   104 |   194 |     2 ||   381
       Call Imp          |    15 |    18 |    47 |    18 ||    98
       Mephitic Cloud    |       |     2 |    16 |    20 ||    38
       Conjure Flame     |       |     1 |    10 |       ||    11
       Blink             |       |     1 |     5 |     4 ||    10
       Sting             |       |       |   159 |   130 ||   289
       Force Lance       |       |       |       |    22 ||    22
Evoke: Wand              |       |       |    10 |       ||    10
  Use: Scroll            |       |     1 |     3 |     2 ||     6
       Potion            |       |       |       |     4 ||     4
 Stab: Sleeping          |     1 |       |     2 |       ||     3
       Confused          |       |       |     2 |     1 ||     3
       Distracted        |       |       |     1 |       ||     1
  Eat: Chunk             |     4 |     9 |    21 |     6 ||    40
       Meat ration       |       |       |       |     1 ||     1
Armor: Skin              |     3 |     1 |     8 |     6 ||    18
Dodge: Dodged            |    29 |    16 |    76 |    67 ||   188
       Rpst.: Falchion   |       |     4 |     3 |       ||     7
